 Dungeon Crawl Stone Soup version 0.31-a0-489-g282fc92437 (webtiles) character file.

Game seed: 3757317301591300173

326 Ethylacetat the Cutter (level 6, -2/45 HPs)
             Began as an Octopode Gladiator on Aug 8, 2023.
             Was an Initiate of Gozag.
             Slain by a water moccasin (8 damage)
             ... on level 4 of the Dungeon.
             The game lasted 00:05:46 (3186 turns).

Ethylacetat the Cutter (Octopode Gladiator)         Turns: 3186, Time: 00:05:47

Health: -2/45      AC:  3    Str: 14    XL:     6   Next: 49%
Magic:  6/6        EV: 14    Int: 10    God:    Gozag
Gold:   221        SH:  5    Dex: 15    Spells: 5/5 levels left

rFire   . . .        v - +9 hand axe of Vuexu {drain, rCorr}
rCold   . . .        (no shield)
rNeg    . . .        i - +2 hat
rPois   .            e - amulet of reflection
rElec   .            (no ring)
rCorr   +            (no ring)
SInv    .            (no ring)
Will    .....        (no ring)
Stlth   ++           (no ring)
HPRegen 0.27/turn    (no ring)
MPRegen 0.10/turn    (no ring)
                     (no ring)

%: reflection
@: marked, gold aura
A: almost no armour, amphibious, 8 rings, camouflage 1, gelatinous body 1,
(nimble swimmer 1), tentacles
a: Renounce Religion, Potion Petition, Call Merchant, Bribe Branch


You were on level 4 of the Dungeon.
You worshipped Gozag.
Gozag was aware of your devotion.
You visited 2 branches of the dungeon, and saw 6 of its levels.
You also visited: Sewer.

You collected 296 gold pieces.
You paid 75 gold pieces to Gozag.

Inventory:

Hand Weapons
 l - a +0 sling
 v - the +9 hand axe of Vuexu (weapon) {drain, rCorr}
   (You found it on level 4 of the Dungeon)

   rCorr:     It protects you from acid and corrosion.
Missiles
 c - 2 throwing nets
 d - a javelin
 p - a curare-tipped dart (quivered)
Armour
 i - a +2 hat (worn)
Jewellery
 e - an amulet of reflection (around mantle)
Wands
 A - a wand of roots (6)
Scrolls
 a - a scroll of immolation {unknown}
 b - 2 scrolls of amnesia {unknown}
 f - 2 scrolls of identify {unknown}
 h - 2 scrolls of teleportation {unknown}
 j - a scroll of poison {unknown}
 m - 2 scrolls of enchant weapon {unknown}
 n - a scroll of vulnerability {unknown}
 o - a scroll of torment {unknown}
 w - a scroll of revelation {unknown}
 x - a scroll of noise {unknown}
 y - a scroll of enchant armour {unknown}
Potions
 g - a potion of curing
 k - 2 potions of ambrosia
 q - a potion of attraction {unknown}
 r - a potion of lignification {unknown}
 s - a potion of resistance {unknown}
 t - a potion of haste {unknown}
 u - a potion of magic {unknown}
 z - a potion of heal wounds {unknown}


   Skills:
 + Level 4.9 Fighting
 + Level 5.4 Short Blades
 - Level 2.0 Throwing
 - Level 3.0 Dodging


You had 5 spell levels left.
You didn't know any spells.
Your spell library contained the following spells:

 Spells                   Type           Power      Damage    Failure   Level
 Slow                     Hex            0%         N/A       36%         1
 Confusing Touch          Hex            0%         N/A       75%         3
 Ignite Poison            Fire/Tmut/Pois 0%         N/A       75%         3
 Vampiric Draining        Necr           0%         2d6       75%         3
 Sticky Flame             Conj/Fire      0%         2d3       98%         4
 Ignition                 Fire           0%         3d3       100%        8


Dungeon Overview and Level Annotations

Branches:
Dungeon (5/15)             Temple (1/1) D:4           Sewer (visited)

Altars:
Ashenzari
Dithmenos
Elyvilon
Fedhas
Gozag
Kikubaaqudgha
Makhleb
Okawaru
Qazlal
Ru
Sif Muna
Trog
Uskayaw
Vehumet
Wu Jian
Xom
Yredelemnul
Zin
The Shining One

Shops:
D:2 *

Annotations:
D:5 Ijyb


Innate Abilities, Weirdness & Mutations

You cannot wear most types of armour.
You are amphibious.
You can wear up to eight rings at the same time.
Your skin changes colour to match your surroundings (Stealth+).
Your rubbery body absorbs attacks. (AC +1, EV +1)
((You are camouflaged when in or above water. (Stealth+)))
You have tentacles for arms and can constrict up to eight enemies at once.


Message History

You are poisoned.
The water moccasin poisons you!
Ijyb zaps a wand.
The puff of flame misses you. The adder bites you.
The water moccasin bites you.
You are more poisoned.
The water moccasin poisons you! Ijyb screams, "Me kill you!"
You feel very sick. The adder bites you. The water moccasin bites you.
The adder misses you. The water moccasin bites you!
* * * LOW HITPOINT WARNING * * *
You are more poisoned.
The water moccasin poisons you!
You climb upwards.
* * * LOW HITPOINT WARNING * * *
You feel extremely sick.
There is a stone staircase leading down here.
It was a potion of ambrosia.
You are confused.
You feel invigorated.
* * * LOW HITPOINT WARNING * * *
You feel very sick. The adder bites you but does no damage.
The water moccasin bites you but does no damage.
It was a potion of curing.
You feel better.
You feel less invigorated. The water moccasin bites you!
* * * LOW HITPOINT WARNING * * *
The adder misses you.
The water moccasin attacks as you move away!
The water moccasin closely misses you. The adder closely misses you.
You block the water moccasin's attack. You block the adder's attack.
The adder misses you.
You slash the water moccasin! You grab the water moccasin.
The water moccasin is heavily wounded.
You slash the adder!
You kill the adder!
You constrict the water moccasin. The water moccasin bites you.
* * * LOW HITPOINT WARNING * * *
The water moccasin bites you!
You die...
Your body crumbles into a pile of gold.

#.####....# #.# #.#≈##....#
#.# #.#≈##....# ##.#
#.#≈≈#....# #######..##
#..≈≈.....# ##....(....#
##..≈≈.....# #..........#
#...≈~~~#+## #..........#
#.~.~~~...####.#.8.8.8.##
#...≈≈.....#S@....⌠.⌠..#
#.~.~≈.....>$###.8.>.8.#
#.~~~≈...##### #..⌠.⌠..#
#...~~..~# #.8.8.8.#
#.~.~~..~# #.......#
#.~~≈~...#######..############
#.~.≈~.~......................
#....~...#####################
#..~~~..~# #<#


You could see a water moccasin.

Vanquished Creatures
  Pargi (Sewer)
  A jelly (D:4)
  Jessica (D:3)
  7 adders
  3 gnolls (D:2)
  2 river rats (D:3)
  A white imp (D:5)
  A worm (D:3)
  A dart slug (D:4)
  3 orcs
  5 ball pythons
  5 bats
  3 endoplasms
  6 giant cockroaches
  7 goblins
  2 hobgoblins
  3 jackals (D:1)
  3 quokkas
  5 frilled lizards
  7 kobolds
  4 rats
71 creatures vanquished.

Notes
Turn   | Place    | Note
-------+----------+-------------------------------------------
     0 | D:1      | Ethylacetat the Octopode Gladiator began the quest for the
                  | Orb.
     0 | D:1      | Reached XP level 1. HP: 14/14 MP: 1/1
   269 | D:1      | Found a faded altar of an unknown god.
   321 | D:1      | Reached XP level 2. HP: 20/20 MP: 2/2
  1091 | D:2      | Found Nijen's General Store.
  1113 | D:2      | Reached XP level 3. HP: 21/25 MP: 3/3
  1446 | D:2      | Reached skill level 4 in Short Blades
  1446 | D:2      | Reached XP level 4. HP: 24/31 MP: 4/4
  1972 | D:3      | Reached XP level 5. HP: 34/37 MP: 5/5
  1985 | D:3      | Found a glowing drain.
  1989 | Sewer    | Entered a sewer
  2012 | Sewer    | Noticed Pargi
  2044 | Sewer    | Killed Pargi
  2045 | Sewer    | Reached skill level 5 in Short Blades
  2143 | Sewer    | Reached XP level 6. HP: 44/44 MP: 6/6
  2277 | D:3      | Noticed Jessica
  2285 | D:3      | Killed Jessica
  2590 | D:4      | Identified the +9 hand axe of Vuexu {drain, rCorr}
  2625 | D:4      | Found a staircase to the Ecumenical Temple.
  2633 | Temple   | Entered the Ecumenical Temple
  2661 | Temple   | Became a worshipper of Gozag Ym Sagoz the Greedy
  3100 | D:4      | Found a blossoming altar of Fedhas.
  3142 | D:5      | Entered Level 5 of the Dungeon
  3170 | D:5      | Noticed a water moccasin
  3178 | D:5      | Noticed Ijyb
  3182 | D:4      | HP: 2/45 [poisoned by a water moccasin]
  3186 | D:4      | Slain by a water moccasin

Illustrated notes

Levels and vault maps discovered:
D:1:      beargit_arrival_diablo_church, layout_loops_corners,
          shapermc_ecumenical_altar_venn, minmay_tree_intersection
D:2:      layout_basic, serial_shops, shop, amcnicky_mini_corridor_feature
D:3:      layout_basic, gup_sewer_entry_bowl, nicolae_twisty_statue_hallways,
          uniq_jessica
D:4:      layout_basic, fedhas_altar_4, minmay_temple_entry_statues_fountains,
          serial_curves, eino_curves_02, eino_curves_04,
          chequers_serial_rivers_small_3
D:5:      layout_cave_pools, minmay_fractal_squares_5, uniq_ijyb, uniq_edmund
Temple:   mainiacjoe_temple_bowtie_tessellation

Skill      XL: |  1  2  3  4  5 |
---------------+----------------+-----
Fighting       | 3 4 |  4.9
Short Blades   | 4 5 |  5.4
Throwing       | |  2.0
Dodging        | |  3.0

Action                     |  1- 3 |  4- 6 || total
---------------------------+-------+-------++-------
  Melee: Rapier            |    74 |    43 ||   117
         Constrict         |    16 |    13 ||    29
         Tentacles         |     8 |    12 ||    20
         Punch             |     3 |       ||     3
         Hand axe          |       |    13 ||    13
   Fire: Sling             |       |    68 ||    68
  Throw: Dart              |       |     4 ||     4
         Throwing net      |       |     2 ||     2
         Javelin           |       |     1 ||     1
    Use: Potion            |       |     2 ||     2
   Stab: Sleeping          |     6 |     5 ||    11
 Armour: Skin              |     9 |    14 ||    23
  Dodge: Dodged            |    38 |    65 ||   103
  Block: Other             |    14 |    24 ||    38
         Reflection        |     1 |     1 ||     2

Table legend: (Time is in decaauts)
 A = Elapsed time spent in this place.
 B = Non-inter-level travel time spent in this place.
 C = Inter-level travel time spent in this place.
 D = Time resting spent in this place.
 E = Time spent auto-exploring this place.
 F = Levels seen in this place.
 G = Mean time per level.
                   A        B        C        D        E       F      G
               +--------+--------+--------+--------+--------+-----+--------+
         Total |   3214 |   3049 |    165 |      0 |   2415 |   7 |  459.1 |
       Dungeon |   2929 |   2815 |    114 |      0 |   2263 |   5 |  585.8 |
        Temple |     53 |      2 |     51 |      0 |      0 |   1 |   53.0 |
         Sewer |    231 |    231 |      0 |      0 |    152 |   1 |  231.0 |
               +--------+--------+--------+--------+--------+-----+--------+

Top non-repeatable levels by time:
     D:1: 1092 daAuts
     D:3: 664 daAuts
     D:2: 609 daAuts
     D:4: 523 daAuts
   Sewer: 231 daAuts
  Temple: 53 daAuts
     D:5: 39 daAuts
